 Dungeon Crawl Stone Soup version 0.31-a0-995-g04711c9635 (webtiles) character file.

Game seed: 15427656355732769149

1468 GordonOverkill the Covert (level 8, -3/40 HPs)
             Began as a Spriggan Delver on Nov 5, 2023.
             Was a Believer of Vehumet.
             Slain by an orc knight
             ... wielding a +0 war axe
              (12 damage)
             ... in a bailey on Nov 6, 2023.
             The game lasted 00:23:05 (7179 turns).

GordonOverkill the Covert (Spriggan Delver)         Turns: 7179, Time: 00:23:07

Health: -3/40      AC:  7    Str:  8    XL:     8   Next: 48%
Magic:  15/15      EV: 21    Int: 14    God:    Vehumet [**....]
Gold:   362        SH:  0    Dex: 16    Spells: 13/15 levels left

rFire   . . .        s - +3 falchion
rCold   . . .        (no shield)
rNeg    . . .        b - +0 robe
rPois   .            n - +2 hat
rElec   .            z - +2 cloak
rCorr   .            (gloves unavailable)
SInv    +            (boots unavailable)
Will    +....        e - amulet of regeneration
Stlth   ++++         (no ring)
HPRegen 1.06/turn    (no ring)
MPRegen 0.14/turn

%: no passive effects
@: studying Axes, very quick
A: very small, no large weapons, unfitting armour, see invisible, speed 3, fangs
1, wild magic 2
a: Renounce Religion


You were in a bailey.
You worshipped Vehumet.
Vehumet was pleased with you.
You visited 2 branches of the dungeon, and saw 8 of its levels.
You visited the Abyss 1 time.
You also visited: Bailey.

You collected 362 gold pieces.

Inventory:

Hand Weapons
 a - a +0 short sword
 s - a +3 falchion (weapon)
Armour
 b - a +0 robe (worn)
 n - a +2 hat (worn)
 t - a +0 buckler
 z - a +2 cloak (worn)
Magical Staves
 o - a staff of poison
Jewellery
 e - an amulet of regeneration (around neck)
Wands
 g - a wand of digging (2)
 v - a wand of flame (13)
 y - a wand of iceblast (2)
Scrolls
 c - 3 scrolls of fog
 d - a scroll of immolation
 f - a scroll of butterflies
 h - 3 scrolls of fear
 i - a scroll of noise {unknown}
 j - 5 scrolls of teleportation
 k - 2 scrolls of blinking
 q - 2 scrolls of amnesia
 A - a scroll of enchant armour
 B - a scroll of poison {unknown}
Potions
 l - 3 potions of brilliance
 m - a potion of resistance
 p - a potion of attraction
 r - a potion of mutation
 u - a potion of heal wounds
 w - 2 potions of ambrosia
 x - a potion of curing


   Skills:
 - Level 3.0 Fighting
 - Level 6.0 Short Blades
 - Level 7.0 Dodging
 - Level 10.0 Stealth
 - Level 4.0 Spellcasting
 - Level 2.0 Translocations
 + Level 3.6 Ice Magic


You had 13 spell levels left.
You knew the following spells:

 Your Spells              Type           Power      Damage    Failure   Level
a - Apportation           Tloc           26%        N/A       19%         1
b - Freeze                Ice            84%        1d9       11%         1

Your spell library contained the following spells:

 Spells                   Type           Power      Damage    Failure   Level
 Volatile Blastmotes      Fire/Tloc      16%        2d11      54%         3
 Necrotise                Necr           16%        1d4       34%         1
 Summon Small Mammal      Summ           16%        N/A       34%         1
 Dazzling Flash           Conj/Hex       8%         N/A       67%         3
 Agony                    Necr           4%         N/A       100%        5
 Silence                  Hex/Air        2%         N/A       100%        5


Dungeon Overview and Level Annotations

Branches:
Dungeon (7/15)             Temple (1/1) D:4          Bailey (1/1)

Altars:
Ashenzari
Cheibriados
Dithmenos
Elyvilon
Fedhas
Gozag
Hepliaklqana
Kikubaaqudgha
Makhleb
Nemelex Xobeh
Okawaru
Qazlal
Ru
Sif Muna
Trog
Uskayaw
Vehumet
Wu Jian
Xom
Yredelemnul
Zin
The Shining One


Innate Abilities, Weirdness & Mutations

You are very small and have problems with some larger weapons.
You are too small for most types of armour.
You have supernaturally acute eyesight. (SInv)
You cover ground extremely quickly. (Speed+++)
You have very sharp teeth.
Your spells are harder to cast, but more powerful.


Message History

Press: ? - help, Shift-Dir - straight line, f/p - orc knight
Aim: an orc knight, wielding a +0 war axe and wearing a +0 ring mail (heavily wounded)
The mass of ice explodes!
The iceblast engulfs the orc knight!
The orc knight is heavily wounded.
Aiming: Iceblast
Press: ? - help, Shift-Dir - straight line, f/p - orc knight
Aim: an orc knight, wielding a +0 war axe and wearing a +0 ring mail (heavily wounded)
The mass of ice explodes!
The iceblast engulfs the orc knight but does no damage.
The orc knight is heavily wounded.
Aiming: Iceblast
Press: ? - help, Shift-Dir - straight line, f/p - orc knight
Aim: an orc knight, wielding a +0 war axe and wearing a +0 ring mail (heavily wounded)
The mass of ice explodes!
The iceblast engulfs the orc knight!
The orc knight is severely wounded.
You hear a shout!
A hobgoblin comes into view. It is wielding a +0 hand axe.
The kobold throws a boomerang.
The boomerang closely misses you.
You hit the orc knight but do no damage.
You bite the orc knight, but do no damage.
The orc knight is severely wounded.
The kobold throws a boomerang.
The boomerang completely misses you.
The kobold throws a boomerang.
The boomerang hits you but does no damage.
The orc knight hits you with a +0 war axe!
* * * LOW HITPOINT WARNING * * *
The kobold throws a boomerang.
The boomerang completely misses you.
You hit the orc knight.
The orc knight is severely wounded.
The orc knight barely misses you.
You slash the orc knight!
The orc knight is almost dead.
The orc knight hits you with a +0 war axe!!
* * * LOW HITPOINT WARNING * * *
The kobold throws a boomerang.
The boomerang completely misses you.
You hit the orc knight but do no damage.
The orc knight is almost dead.
The orc knight barely misses you. The hobgoblin closely misses you.
The orc knight hits you with a +0 war axe!
You die...

#.........# ##.......##
##.....## ###...##
##...#### ##.....####
##.......###
##..∩......####
#.........@o..####
#≈≈≈≈≈≈≈≈≈..g.....###
#≈≈≈≈≈≈≈≈≈≈≈≈≈≈.......##
≈≈≈#########≈≈≈≈≈......##
≈≈≈K#.g.[...#K≈≈≈≈≈≈)....##
≈##
#......o####K≈≈)≈≈≈≈≈≈≈#
####'####..#.....≈≈≈≈≈≈≈≈
....#'#......#####
##..#[#.....###


You could see an orc knight, a hobgoblin and 2 kobolds.

Vanquished Creatures
  An ice beast (D:5)
  2 bullfrogs
  A scorpion (D:4)
  2 howler monkeys
  3 hounds
  A jelly (D:6)
  Crazy Yiuf (D:5)
  5 orc priests
  A sleepcap (D:6)
  2 gnoll boudas
  8 iguanas
  4 orc wizards
  14 adders
  15 gnolls
  An ufetubus (D:3)
  A worm (D:3)
  2 dart slugs
  24 orcs
  8 bats
  9 endoplasms
  6 giant cockroaches
  4 goblins
  9 hobgoblins
  9 jackals
  5 quokkas
  6 ball pythons
  2 frilled lizards (D:1)
  8 kobolds
  3 rats
157 creatures vanquished.

Notes
Turn   | Place    | Note
-------+----------+-------------------------------------------
     0 | D:5      | GordonOverkill the Spriggan Delver began the quest for the
                  | Orb.
     0 | D:5      | Reached XP level 1. HP: 11/11 MP: 2/2
     1 | D:6      | Noticed an iguana
     1 | D:6      | Noticed a jelly
     1 | D:6      | Noticed a hound
     2 | D:6      | Killed an iguana
     3 | D:6      | Reached XP level 2. HP: 16/16 MP: 3/3
     7 | D:6      | Reached skill level 8 in Stealth
     7 | D:6      | Reached XP level 3. HP: 20/20 MP: 4/4
    13 | D:6      | Noticed a bullfrog
    64 | D:5      | Reached XP level 4. HP: 16/24 MP: 5/5
    79 | D:5      | Reached skill level 9 in Stealth
    96 | D:5      | Noticed an ice beast
   151 | D:4      | Noticed a scorpion
   161 | D:4      | Killed a scorpion
   162 | D:4      | Reached skill level 10 in Stealth
   162 | D:4      | Reached skill level 1 in Spellcasting
   162 | D:4      | Reached XP level 5. HP: 24/28 MP: 5/8
   250 | D:2      | Found a faded altar of an unknown god.
  1591 | D:3      | Found a hazy altar of Hepliaklqana.
  1819 | D:3      | Reached XP level 6. HP: 32/32 MP: 12/12
  2118 | D:3      | Found a radiant altar of Vehumet.
  2206 | D:3      | Found a sparkling altar of Nemelex Xobeh.
  2269 | D:3      | Became a worshipper of Vehumet
  2322 | D:3      | Learned a level 1 spell: Apportation
  2638 | D:3      | Reached skill level 1 in Translocations
  2836 | D:4      | Found a staircase to the Ecumenical Temple.
  3287 | D:3      | Reached * piety under Vehumet
  3287 | D:3      | Offered knowledge of Magic Dart by Vehumet.
  3418 | D:3      | Gained mutation: Your spells are a little harder to cast,
                  | but a little more powerful. [potion of mutation]
  3418 | D:3      | Gained mutation: Your spells are harder to cast, but more
                  | powerful. [potion of mutation]
  3418 | D:3      | Gained mutation: You have very sharp teeth. [potion of
                  | mutation]
  3429 | D:3      | Reached skill level 5 in Dodging
  3471 | D:3      | Reached XP level 7. HP: 33/36 MP: 14/14
  3572 | D:4      | Upgraded the game from 0.31-a0-988-g08d55dae12 to
                  | 0.31-a0-995-g04711c9635
  4155 | Abyss:1  | Cast into level 1 of the Abyss (orc)
  4178 | Abyss:1  | Found a corrupted altar of Lugonu.
  4192 | Abyss:1  | Noticed a large abomination
  4212 | D:4      | Escaped the Abyss
  5037 | D:4      | Found a staircase to the Ecumenical Temple.
  5133 | Temple   | Entered the Ecumenical Temple
  5861 | D:5      | Identified the +6 war axe "Emarej" {antimagic, Will++
                  | Dex+3}
  5890 | D:5      | Reached skill level 5 in Short Blades
  5930 | D:5      | Reached XP level 8. HP: 32/40 MP: 15/15
  5943 | D:5      | Offered knowledge of Freeze by Vehumet.
  5947 | D:5      | Learned a level 1 spell: Freeze
  5979 | D:5      | Reached ** piety under Vehumet
  6165 | D:5      | Reached skill level 1 in Ice Magic
  6438 | D:5      | Found a runed translucent door.
  6439 | D:5      | Noticed Crazy Yiuf
  6449 | D:5      | Killed Crazy Yiuf
  6656 | D:6      | Offered knowledge of Volatile Blastmotes by Vehumet.
  7038 | D:7      | Found a flagged portal.
  7068 | Bailey   | Entered a bailey
  7141 | Bailey   | Noticed an orc knight
  7179 | Bailey   | Slain by an orc knight

Illustrated notes

Levels and vault maps discovered:
D:1:      ncdulo_wetmaze, layout_basic
D:2:      layout_loops_cross, dreamdust_ecumenical_altar_angels_and_demons,
          chequers_serial_rivers_large_b
D:3:      layout_loops_ring, minitemple, nemelex_dance_club_becter,
          small_statue_intersection
D:4:      layout_rooms, minmay_temple_entry_ruins, grunt_decor_arrowhead,
          minmay_manual_monstrance
D:5:      layout_loops_ring, kennysheep_generic_room_14, uniq_crazy_yiuf_cottage
D:6:      layout_cave_pools
D:7:      layout_loops_ring, enter_bailey_2, uniq_joseph
Temple:   compressed_dpeg_triangle_lava_temple
Bailey:   bailey_axe_4, bailey

Skill      XL: |  1  2  3  4  5  6  7  8 |
---------------+-------------------------+-----
Fighting       | 3 |  3.0
Short Blades   | 3 5 6 |  6.0
Stealth        | 8 10 | 10.0
Spellcasting   | 1 3 4 |  4.0
Translocations | 2 |  2.0
Dodging        | 5 7 |  7.0
Ice Magic      | 3 |  3.6

Action                     |  1- 3 |  4- 6 |  7- 9 || total
---------------------------+-------+-------+-------++-------
  Melee: Short sword       |     4 |   494 |   226 ||   724
         Bite              |       |     6 |    58 ||    64
         Punch             |       |     4 |    10 ||    14
         Falchion          |       |       |   284 ||   284
  Evoke: Wand              |       |     1 |     7 ||     8
    Use: Scroll            |     1 |     2 |    11 ||    14
         Potion            |       |     7 |       ||     7
   Stab: Sleeping          |     3 |    30 |     5 ||    38
         Distracted        |       |     2 |     1 ||     3
 Armour: Robe              |     4 |   133 |   192 ||   329
  Dodge: Dodged            |     2 |   363 |   491 ||   856

Table legend: (Time is in decaauts)
 A = Elapsed time spent in this place.
 B = Non-inter-level travel time spent in this place.
 C = Inter-level travel time spent in this place.
 D = Time resting spent in this place.
 E = Time spent auto-exploring this place.
 F = Levels seen in this place.
 G = Mean time per level.
                   A        B        C        D        E       F      G
               +--------+--------+--------+--------+--------+-----+--------+
         Total |   5174 |   4931 |    243 |    683 |   1798 |  10 |  517.4 |
       Dungeon |   5027 |   4784 |    243 |    663 |   1794 |   7 |  718.1 |
        Temple |     13 |     13 |      0 |     12 |      0 |   1 |   13.0 |
         Abyss |     37 |     37 |      0 |      8 |      0 |   1 |   37.0 |
        Bailey |     95 |     95 |      0 |      0 |      4 |   1 |   95.0 |
               +--------+--------+--------+--------+--------+-----+--------+

Top non-repeatable levels by time:
     D:4: 1555 daAuts
     D:3: 1162 daAuts
     D:5: 924 daAuts
     D:2: 575 daAuts
     D:1: 463 daAuts
     D:6: 283 daAuts
  Bailey: 95 daAuts
     D:7: 63 daAuts
 Abyss:1: 37 daAuts
  Temple: 13 daAuts
